Map: Dusk Towers

Players

Ailee (Azure) - Winner!

  • Race: Terran Terran
  • League: Master

Peppy

  • Race: Zerg Zerg
  • League: Master

VOD

Have the link to the VOD?

Description

Time

  • Played on: Nov. 15, 2015, 5:29 p.m.
  • Length: 11:16
Show
View Real Time Build Order
Export as new Build Order

Ailee Terran - Winner!

Build Orders: Liberator Opening, Reaper Expand, MMM Bio 

Get SALT Encoding   

  12  0:01  SCV  
  13  0:13  SCV  
  14  0:17  Supply Depot  
  14  0:25  SCV  
  15  0:39  SCV  
  15  0:40  Barracks  
  16  0:46  Refinery  
  16  0:51  SCV  
  17  1:03  SCV  
  18  1:15  SCV  
  19  1:28  Orbital Command  
  19  1:30  Reaper  
  20  1:42  Command Center  
  20  1:52  Supply Depot  
  20  1:55  SCV  
  21  2:02  Reaper  
  21  2:08  SCV, Refinery  
  23  2:21  SCV  
  24  2:25  Factory  
  24  2:33  SCV  
  25  2:45  SCV  
  25  2:48  Barracks Reactor  
  26  2:55  Command Center  
  26  2:56  SCV  
  27  3:06  SCV  
  27  3:08  Orbital Command  
  28  3:15  Starport  
  28  3:18  SCV  
  29  3:30  Hellion x2  
  29  3:34  SCV x2  
  35  3:37  Barracks Tech Lab  
  35  3:39  Supply Depot  
  35  3:46  SCV  
  35  3:47  SCV  
  37  3:48  Liberator  
  37  3:52  Hellion x2  
  41  3:58  SCV  
  41  3:59  SCV  
  41  4:02  Marine  
  44  4:03  Stimpack  
  48  4:10  SCV, Orbital Command  
  48  4:14  SCV  
  49  4:19  Hellion x2  
  49  4:22  SCV  
  49  4:24  Marine  
  54  4:27  SCV  
  54  4:30  Supply Depot  
  56  4:34  SCV  
  57  4:39  SCV  
  57  4:43  SCV  
  59  4:48  SCV  
  59  4:49  Barracks  
  59  4:51  SCV  
  61  4:52  Barracks  
  61  4:56  SCV, Factory Reactor  
  62  5:00  SCV  
  62  5:02  Refinery  
  62  5:03  SCV, Refinery  
  62  5:06  Engineering Bay  
  64  5:08  Engineering Bay  
  64  5:09  Marine, Starport Reactor  
  64  5:10  SCV  
  64  5:13  SCV  
  67  5:18  SCV  
  67  5:19  Orbital Command  
  68  5:25  SCV  
  69  5:30  Marine  
  69  5:31  Supply Depot, Barracks  
  69  5:32  Barracks  
  70  5:36  SCV  
  70  5:41  SCV, Factory Reactor  
  72  5:46  SCV  
  72  5:49  Marine  
  74  5:50  Medivac  
  74  5:53  SCV, Terran Infantry Armor Level 1, Medivac  
  74  5:55  Supply Depot x2  
  77  5:58  Marine x4  
  76  6:05  Missile Turret  
  76  6:08  Missile Turret  
  66  6:12  Missile Turret, Marine  
  66  6:14  SCV x2  
  66  6:15  Missile Turret, Marine x2  
  66  6:17  Combat Shields, Missile Turret  
  71  6:22  Missile Turret  
  71  6:23  Barracks Reactor x2  
  71  6:24  Marine x2  
  73  6:27  SCV  
  73  6:30  SCV  
  73  6:31  Terran Infantry Weapons Level 1  
  75  6:37  Armory  
  75  6:38  Marine  
  76  6:43  Medivac  
  76  6:44  Widow Mine x2, Medivac  
  76  6:45  Marine  
  76  6:46  Marine  
  76  6:47  Marine  
  83  6:55  Missile Turret  
  83  6:57  Marine x2  
  83  6:59  SCV x2  
  87  7:03  Marine  
  87  7:04  Marine  
  89  7:08  SCV  
  89  7:09  Marine  
  89  7:10  Marine x3  
  89  7:11  SCV, Marine  
  89  7:14  Widow Mine x2  
  89  7:15  Marine  
  98  7:21  SCV x2  
  99  7:23  SCV  
  99  7:30  Marine x2  
  101  7:45  Marine  
  101  7:54  Supply Depot, Marine  
  101  7:55  Marine  
  101  7:56  Marine x2  
  101  7:58  Supply Depot  
  101  8:05  Refinery  
  101  8:07  Starport, Terran Infantry Armor Level 2  
  101  8:08  Supply Depot x2  
  101  8:09  Supply Depot  
  101  8:10  Marine  
  101  8:12  Marine x2  
  101  8:15  Marine x3, Widow Mine x2  
  101  8:16  SCV, Marine  
  101  8:18  Marine x2  
  107  8:23  Medivac x2  
  107  8:25  SCV x2  
  108  8:30  Fusion Core  
  108  8:32  Marine x3  
  108  8:33  Marine  
  112  8:34  Command Center  
  112  8:37  Terran Infantry Weapons Level 2  
  112  8:40  Terran Vehicle And Ship Armor Level 1, Marine  
  112  8:41  Marine x2  
  115  8:44  Widow Mine  
  115  8:47  Liberator  
  117  8:50  Barracks, Liberator  
  117  8:51  Barracks, Starport Tech Lab  
  117  8:52  SCV x3  
  117  8:53  Refinery, Barracks  
  117  8:54  Marine  
  121  8:55  Supply Depot  
  121  8:56  Supply Depot  
  121  8:57  Marine x2  
  121  9:00  Marine x3  
  121  9:01  Liberator  
  132  9:13  Marine x2  
  132  9:14  Marine  
  132  9:16  Advanced Ballistics  
  122  9:42  Marauder, Marine x5  
  122  9:43  Marine x2  
  131  9:52  Widow Mine x2, Marine  
  130  9:55  Liberator x2  
  124  10:01  Marine x6  
  124  10:02  Marine  
  124  10:04  Barracks Tech Lab x2, Marauder  
  124  10:05  Barracks Reactor  
  119  10:07  Liberator  
  123  10:19  Marine  
  123  10:20  Marine  
  125  10:22  Marine x6  
  125  10:23  Marauder x2  
  125  10:25  Marauder  
  140  10:34  Missile Turret  
  140  10:37  Marine x2  
  140  10:39  Marine  
  140  10:40  Marine x2  
  145  10:45  Marauder x2  
  146  10:54  Marine x2  
  146  10:55  Marine  
Show
View Real Time Build Order
Export as new Build Order

Peppy Zerg 

Build Orders: Hatch First, Muta Ling Bane 

Get SALT Encoding   

  12  0:02  Drone  
  13  0:11  Drone  
  14  0:17  Overlord  
  14  0:26  Drone, Extractor  
  15  0:38  Drone x2  
  17  0:53  Hatchery  
  17  0:56  Drone  
  17  0:59  Drone  
  18  1:12  Spawning Pool  
  18  1:14  Extractor  
  18  1:17  Drone  
  17  1:22  Drone  
  18  1:28  Drone  
  19  1:38  Overlord  
  19  1:49  Drone  
  20  2:03  Queen, Zergling x2  
  20  2:05  Queen  
  20  2:07  Zergling x2  
  26  2:13  Drone  
  27  2:17  Drone  
  27  2:22  Metabolic Boost  
  28  2:26  Drone, Overlord  
  29  2:33  Drone  
  30  2:40  Zergling x2  
  30  2:42  Queen  
  32  2:46  Drone  
  32  2:48  Drone  
  34  2:55  Drone  
  35  3:01  Zergling x2  
  36  3:12  Drone x5  
  41  3:17  Lair  
  41  3:18  Drone x3  
  44  3:20  Extractor  
  44  3:21  Drone  
  43  3:29  Overlord  
  43  3:35  Extractor  
  43  3:36  Drone x2, Extractor  
  43  3:45  Overlord  
  43  3:57  Drone  
  43  4:00  Overlord  
  43  4:01  Drone x2  
  43  4:02  Drone  
  47  4:09  Drone  
  48  4:10  Drone  
  48  4:11  Drone  
  48  4:16  Drone  
  51  4:17  Spire  
  51  4:22  Hatchery  
  49  4:25  Queen  
  49  4:29  Drone x2  
  53  4:33  Overlord  
  53  4:39  Drone  
  53  4:40  Drone  
  53  4:41  Baneling Nest  
  53  4:45  Zergling x4  
  54  4:53  Zergling x2  
  54  4:54  Zergling x4  
  56  5:04  Queen  
  56  5:05  Overlord  
  56  5:06  Queen  
  60  5:29  Mutalisk  
  60  5:30  Mutalisk x6  
  60  5:31  Mutalisk  
  76  5:38  Mutalisk  
  76  5:45  Mutalisk  
  73  6:11  Drone x8  
  71  6:13  Overlord  
  78  6:20  Drone  
  78  6:22  Drone  
  78  6:24  Drone  
  81  6:30  Overlord  
  81  6:32  Drone x2  
  81  6:41  Overlord  
  81  6:43  Drone  
  81  6:44  Drone x2  
  84  6:55  Overlord, Centrifical Hooks  
  84  6:57  Zergling x6  
  84  6:58  Zergling x8  
  84  6:59  Overlord  
  84  7:00  Drone x2  
  84  7:01  Drone  
  92  7:03  Evolution Chamber x2  
  92  7:07  Drone  
  87  7:08  Overlord  
  87  7:11  Overlord  
  87  7:17  Overlord  
  87  7:21  Overlord  
  87  7:29  Overlord  
  87  7:30  Zergling x10  
  87  7:31  Zergling x4  
  87  7:32  Zerg Ground Armor Level 1, Zerg Melee Weapons Level 1  
  87  7:33  Baneling  
  87  7:34  Baneling x8  
  93  7:38  Zergling x2  
  93  7:39  Zergling x4  
  93  7:41  Zergling x2  
  83  8:01  Drone x3  
  83  8:22  Spire  
  83  8:24  Drone x7  
  87  8:29  Drone x2  
  87  8:32  Zergling x4  
  87  8:33  Baneling x6  
  87  8:34  Baneling x2  
  91  8:40  Zergling x2  
  91  8:41  Zergling x6  
  95  8:46  Extractor  
  95  8:47  Extractor  
  93  8:50  Zergling x6  
  93  8:54  Zergling x6  
  99  8:57  Hatchery, Zergling x2  
  99  8:58  Hatchery  
  98  9:03  Zergling x10  
  103  9:12  Zergling x2  
  103  9:13  Zergling x2  
  105  9:17  Zergling x4  
  105  9:18  Zergling x4  
  105  9:23  Baneling  
  109  9:24  Baneling x7  
  109  9:25  Zergling x4  
  103  9:31  Zergling x2  
  103  9:36  Baneling  
  103  9:37  Baneling x4  
  102  9:39  Zergling x4  
  102  9:40  Zergling x14  
  102  9:41  Overseer  
  107  9:53  Zergling x2  
  107  9:54  Zergling x4  
  94  10:01  Zergling x2  
  94  10:02  Zergling x4  
  94  10:06  Mutalisk  
  92  10:11  Mutalisk x2  
  92  10:12  Queen  
  92  10:13  Mutalisk x4  
  104  10:16  Mutalisk  
  108  10:21  Mutalisk x2  
  108  10:23  Drone  
  108  10:25  Mutalisk  
  108  10:28  Drone  
  116  10:34  Corruptor x2  
  116  10:36  Corruptor  
  106  10:52  Overlord  
  106  10:53  Zergling x12  
Tags
 
Add a new tag
Caveats
  • Supply blocks, unpowered buildings, or Contaminate may cause inaccurate times.
  • Supply counts are checked every 10 seconds.